 Dungeon Crawl Stone Soup version 0.16-a0-3159-ge6ac362 (webtiles) character file.

264 nabalzbhf the Slasher (level 5, -2/42 HPs)
             Began as a Salamander Gladiator on Dec 21, 2014.
             Slain by SharpStick's ghost (6 damage)
             ... on level 3 of the Dungeon.
             The game lasted 00:08:38 (2767 turns).

nabalzbhf the Slasher (Salamander Gladiator)        Turns: 2767, Time: 00:08:38

Health: -2/42      AC: 11    Str: 14    XL:     5   Next: 98%
Magic:  7/7        EV: 12    Int:  8    God:
Gold:   78         SH:  0    Dex: 16    Spells: 0 memorised, 4 levels left

rFire  . . .     SeeInvis .     a - +0 long sword
rCold  . . .     Clarity  .     y - +0 ring mail
rNeg   . . .     SustAb   .     (no shield)
rPois  .         Gourm    .     c - +0 helmet
rElec  .         Spirit   .     G - +2 cloak {MR+}
rCorr  .         Warding  .     (no gloves)
rMut   .         Stasis   .     (no barding)
MR     +....                    (no amulet)
Stlth  ++........               O - ring of protection from cold {rC+}
                                A - ring of wizardry {Wiz+}

@: very slow, somewhat resistant to hostile enchantments, unstealthy
A: fiery attack, slowness 2, tough skin 2, cold vulnerability 1
a: no special abilities


You were on level 3 of the Dungeon.
You were hungry.

You visited 1 branch of the dungeon, and saw 3 of its levels.
You also visited: Sewer.

You collected 78 gold pieces.

Inventory:

Hand weapons
 a - a +0 long sword (weapon)
 o - a +4 quarterstaff of chaos
   (You took it off Crazy Yiuf on level 2 of the Dungeon)
 P - a +1 hunting sling of velocity
   (You found it on level 3 of the Dungeon)
Missiles
 i - 64 stones
 k - 13 poisoned needles
 q - 29 sling bullets
 r - a tomahawk (quivered)
 t - 44 bolts
 F - 7 poisoned arrows
Armour
 b - a +0 leather armour
 c - a +0 helmet (worn)
 y - a +0 ring mail (worn)
   (You found it on level 2 of the Dungeon)
 G - a +2 cloak of magic resistance (worn)
   (You took it off Crazy Yiuf on level 2 of the Dungeon)
Jewellery
 A - a ring of wizardry (left hand) {Wiz+}
   (You found it on level 2 of the Dungeon)
 O - a ring of protection from cold (right hand) {rC+}
   (You found it on level 3 of the Dungeon)
Magical devices
 E - a wand of digging (9)
   (You found it on level 2 of the Dungeon)
Scrolls
 e - a scroll of remove curse {unknown}
 g - a scroll of blinking {unknown}
 s - a scroll of immolation {!r}
 v - a scroll of magic mapping {!r}
 C - a scroll of teleportation
 I - a scroll of random uselessness {unknown}
 M - a scroll of enchant weapon {unknown}
Potions
 l - a potion of flight {unknown}
 m - a potion of curing {unknown}
 n - a potion of cure mutation {unknown}
 p - a potion of resistance
 u - a potion of lignification {unknown}
 w - a potion of heal wounds {unknown}
 x - a potion of brilliance
 D - a potion of mutation {!q}
 H - 3 potions of might
 J - a potion of haste {unknown}
 K - a potion of agility {unknown}
 L - a potion of berserk rage {unknown}
 N - a potion of restore abilities {unknown}
Comestibles
 f - 2 bread rations
 h - a meat ration
 j - a beef jerky
 z - a chunk of flesh
 B - 2 fruits


   Skills:
 - Level 2.5 Fighting
 * Level 6.3 Long Blades
 + Level 1.8 Throwing
 - Level 3.0 Dodging
 - Level 3.4 Stealth


You had 4 spell levels left.
You didn't know any spells.

Dungeon Overview and Level Annotations

Branches:
Dungeon (3/15)

Altars:
Xom

Annotations:
D:3 runed door, SharpStick's ghost, average SaFi


Innate Abilities, Weirdness & Mutations

Your melee attacks set your foes ablaze.
You cannot wear boots.
You cover ground very slowly.
You have very tough skin (AC +2).
You are vulnerable to cold.


Message History

You slash the rat!
You kill the rat!
No target in view!
No target in view!
Wield which item (- for none, * to show all)? (? for menu, Esc to quit)
P - a +1 hunting sling of velocity (weapon)
Wield which item (- for none, * to show all)? (? for menu, Esc to quit)
a - a +0 long sword (weapon)
Read which item? (? for menu, Esc to quit)
As you read the scroll labeled AHIDAO PHIAS, it crumbles to dust.
You feel strangely unstable.
It was a scroll of teleportation.
Read which item? (? for menu, Esc to quit)
As you read the scroll labeled TWANOTRIMA, it crumbles to dust.
The air around you briefly surges with heat, but it dissipates.
It was a scroll of immolation.
Read which item? (? for menu, Esc to quit)
As you read the scroll labeled XECENIDOUW, it crumbles to dust.
You feel aware of your surroundings.
It was a scroll of magic mapping.
Your surroundings suddenly seem different.
SharpStick's ghost says, "Live by the sword, die by the sword."
Quiver which item? (- for none, * to show all) (? for menu, Esc to quit)
Okay, then.
Quiver which item? (- for none, * to show all) (? for menu, Esc to quit)
Quivering
r - 3 tomahawks for throwing.
Throwing (i - inventory. (,) - cycle):
r - 3 tomahawks (quivered)
Press: ? - help, Shift-Dir - straight line, f - SharpStick's ghost
Aim: SharpStick's ghost You throw a tomahawk.
The tomahawk hits SharpStick's ghost but does no damage.
Quiver which item? (- for none, * to show all) (? for menu, Esc to quit)
Okay, then.
Throwing (i - inventory. (,) - cycle):
r - 2 tomahawks (quivered)
Press: ? - help, Shift-Dir - straight line, f/p - SharpStick's ghost
Aim: SharpStick's ghost You throw a tomahawk.
The tomahawk hits SharpStick's ghost!
SharpStick's ghost is lightly damaged.
Quiver which item? (- for none, * to show all) (? for menu, Esc to quit)
Quivering
d - 2 throwing nets {=f, !d} for throwing.
Press: ? - help, v - describe, . - travel
Here: SharpStick's ghost (lightly damaged)
The floor.
Throwing (i - inventory. (,) - cycle):
d - 2 throwing nets (quivered)
{=f, !d}
Press: ? - help, Shift-Dir - straight line, f/p - SharpStick's ghost
Aim: SharpStick's ghost (lightly damaged)
You throw a throwing net {=f, !d}.
The throwing net {=f, !d} hits SharpStick's ghost.
The net passes right through SharpStick's ghost!
SharpStick's ghost is lightly damaged.
SharpStick's ghost misses you.
Throwing (i - inventory. (,) - cycle):
d - a throwing net (quivered)
{=f, !d}
Press: ? - help, Shift-Dir - straight line, f/p - SharpStick's ghost
Aim: SharpStick's ghost (lightly damaged)
You throw a throwing net {=f, !d}.
The throwing net {=f, !d} hits SharpStick's ghost.
The net passes right through SharpStick's ghost!
SharpStick's ghost is lightly damaged.
SharpStick's ghost hits you!
You hit SharpStick's ghost.
SharpStick's ghost is engulfed in flames.
SharpStick's ghost is moderately damaged.
SharpStick's ghost barely misses you.
You hit SharpStick's ghost.
SharpStick's ghost is engulfed in flames.
SharpStick's ghost is moderately damaged.
You are feeling hungry.
SharpStick's ghost hits you but does no damage.
You completely miss SharpStick's ghost.
SharpStick's ghost is moderately damaged.
SharpStick's ghost hits you but does no damage.
You hit SharpStick's ghost but do no damage.
SharpStick's ghost is moderately damaged.
SharpStick's ghost hits you but does no damage.
Your ring mail prevents you from hitting SharpStick's ghost.
SharpStick's ghost is moderately damaged.
SharpStick's ghost closely misses you.
You hit SharpStick's ghost but do no damage.
SharpStick's ghost is moderately damaged.
SharpStick's ghost hits you but does no damage.
You hit SharpStick's ghost.
SharpStick's ghost is engulfed in flames.
SharpStick's ghost is heavily damaged.
SharpStick's ghost hits you!
You hit SharpStick's ghost but do no damage.
SharpStick's ghost is heavily damaged.
SharpStick's ghost hits you. SharpStick's ghost hits you!
* * * LOW HITPOINT WARNING * * *
You hit SharpStick's ghost.
SharpStick's ghost is engulfed in flames.
SharpStick's ghost is severely damaged.
SharpStick's ghost hits you but does no damage.
Drink which item? (? for menu, Esc to quit)
Okay, then.
You slash SharpStick's ghost!
SharpStick's ghost is engulfed in flames.
SharpStick's ghost is almost destroyed.
SharpStick's ghost hits you but does no damage.
You hit SharpStick's ghost but do no damage.
SharpStick's ghost is almost destroyed.
SharpStick's ghost hits you.
You die...

*,* #...# *,** *,* *,*
#...# *,* *,* *,*
#...####.# *,* *,*
#........# *,* ###**,*
#.#.###.## **,*
#..,,,* #.#.# #.#
**,** #.#**** #.#.#
#.# *,**
##.########.#.# #.#
**,* #...........#@#
#.# **,*
#..##########W# #.#
*,,* #..# #(# #.# *,**
#..# #.# #.# *,* ***
####..### #.# #.#
*,****,** #.......#
##.###.# *,,,*,,,,
#.##..#.#######......#
*,,,,,*,,
#.#..............##..#
**,,,***,
#.#......).......###.#
***,* *,


You could see SharpStick's ghost.

Vanquished Creatures
  Crazy Yiuf (D:2)
  An orc priest (D:3)
  9 adders
  2 river rats (D:3)
  3 worms (D:3)
  3 giant geckos (D:1)
  An ooze (D:2)
  3 orcs (D:3)
  21 ball pythons
  7 bats
  2 giant cockroaches
  8 hobgoblins
  5 jackals (D:2)
  5 kobolds
  3 quokkas (D:3)
  6 giant newts
  3 goblins (D:1)
  7 rats
  2 fungi (D:2)
92 creatures vanquished.

Notes
Turn   | Place    | Note
--------------------------------------------------------------
     0 | D:1      | nabalzbhf, the Salamander Gladiator, began the quest for the Orb.
     0 | D:1      | Reached XP level 1. HP: 17/17 MP: 1/1
   232 | D:1      | Reached XP level 2. HP: 20/25 MP: 3/3
   429 | D:1      | Reached skill level 4 in Long Blades
   960 | D:2      | Reached XP level 3. HP: 30/30 MP: 4/4
   972 | D:1      | Reached skill level 1 in Stealth
  1691 | D:2      | Reached skill level 2 in Stealth
  1691 | D:2      | Reached XP level 4. HP: 37/37 MP: 5/5
  2054 | D:2      | Noticed Crazy Yiuf
  2068 | D:2      | Killed Crazy Yiuf
  2068 | D:2      | Reached skill level 5 in Long Blades
  2157 | D:3      | Reached XP level 5. HP: 42/42 MP: 7/7
  2167 | D:3      | Reached skill level 3 in Stealth
  2239 | D:3      | Found a shimmering altar of Xom.
  2241 | D:3      | Found a runed door.
  2242 | D:3      | Found a runed door.
  2292 | D:3      | Found a runed door.
  2343 | D:3      | Found a glowing drain.
  2384 | D:3      | Reached skill level 6 in Long Blades
  2435 | Sewer    | Entered a sewer
  2678 | D:3      | Noticed SharpStick's ghost (average SaFi)
  2764 | D:3      | HP: 4/42 [SharpStick's ghost (12)]
  2767 | D:3      | Slain by SharpStick's ghost

Action                   |  1- 3 |  4- 6 || total
-------------------------+-------+-------++-------
Melee: Long sword        |   160 |   172 ||   332
Throw: Stone             |       |     8 ||     8
       Throwing net      |       |     3 ||     3
       Tomahawk          |       |     2 ||     2
  Use: Scroll            |       |     6 ||     6
 Stab: Sleeping          |       |     2 ||     2
       Held in net/web   |       |     1 ||     1
  Eat: Chunk             |     3 |     3 ||     6

Vault maps used:
D:1:      minmay_arrival_three_doors, minmay_misc_feat_ornament, st_stairs_3
D:2:      first_bread, uniq_crazy_yiuf_cottage
D:3:      forest_paths, portal_sewer_entry_c, dk_xom_monty_hall
Sewer:    sewer_ratzerg_badplayer

Table legend:
 A = Turns spent in this place as a percentage of turns spent in the entire game.
 B = Non-inter-level travel turns spent in this place as a percentage of non-inter-level travel turns spent in the entire game.
 C = Inter-level travel turns spent in this place as a percentage of turns spent in this place.
 D = Turns resting spent in this place as a percentage of non-inter-level travel turns spent in this place.
 E = Turns spent auto-exploring this place as a percentage of non-inter-level travel turns spent in this place.
 F = Non-inter-level travel turns spent in this place divided by the number of levels of this place that you've seen.
                   A       B       C       D       E      F
               +-------+-------+-------+-------+-------+----------------------
         Total | 100.0 | 100.0 |   0.3 |   2.4 |   6.6 | 274.0
       Dungeon |  87.4 |  87.4 |   0.3 |   2.5 |   7.2 | 319.3
         Sewer |  12.6 |  12.6 |   0.0 |   1.4 |   2.2 | 138.0
               +-------+-------+-------+-------+-------+----------------------

Table legend:
 A = Kills in this place as a percentage of kills in entire the game.
 B = Kills by you in this place as a percentage of kills by you in the entire game.
 C = Kills by friends in this place as a percentage of kills by friends in the entire game.
 D = Other kills in this place as a percentage of other kills in the entire game.
 E = Experience gained in this place as a percentage of experience gained in the entire game.
 F = Experience gained in this place divided by the number of levels of this place that you have seen.
                   A       B       C       D       E      F
               +-------+-------+-------+-------+-------+----------------------
         Total | 100.0 | 100.0 |  -nan |  -nan | 100.0 |  94.5
       Dungeon |  78.9 |  78.9 |  -nan |  -nan |  89.7 | 113.0
         Sewer |  21.1 |  21.1 |  -nan |  -nan |  10.3 |  39.0
               +-------+-------+-------+-------+-------+----------------------
